 Dungeon Crawl Stone Soup version 0.28-a0-1616-g050a50673c (webtiles) character file.

Game seed: 11872605946562686822

32 a3don the Grave Robber (level 3, 0/28 HPs)
             Began as a Deep Dwarf Necromancer on Jan 22, 2022.
             Slain by Natasha (8 damage)
             ... on level 2 of the Dungeon.
             The game lasted 00:02:19 (1555 turns).

a3don the Grave Robber (Deep Dwarf Necromancer)     Turns: 1555, Time: 00:02:20

Health: 0/28       AC:  2    Str: 11    XL:     3   Next: 10%
Magic:  4/6        EV: 12    Int: 17    God:
Gold:   63         SH:  0    Dex: 13    Spells: 1/6 levels left

rFire   . . .      SeeInvis .   b - +0 dagger
rCold   . . .      Faith    .   (no shield)
rNeg    . . .      Spirit   .   a - +0 robe
rPois   .          Reflect  .   (no helmet)
rElec   .          Harm     .   (no cloak)
rCorr   .          Rampage  .   (no gloves)
Will    .....                   (no boots)
Stlth   ++........              (no amulet)
HPRegen 0.00/turn               (no ring)
MPRegen 0.10/turn               (no ring)

@: no status effects
A: damage resistance, heal wounds, sense surroundings 1, no regeneration
a: Heal Wounds


You were on level 2 of the Dungeon.
You visited 1 branch of the dungeon, and saw 2 of its levels.

You collected 63 gold pieces.

Inventory:

Hand Weapons
 b - a +0 dagger (weapon)
Armour
 a - a +0 robe (worn)
Scrolls
 c - 2 scrolls of identify {unknown}
Potions
 d - a potion of attraction {unknown}
 e - a potion of resistance {unknown}


   Skills:
 + Level 2.9 Dodging
 - Level 2.4 Stealth
 + Level 2.2 Spellcasting
 + Level 4.8 Necromancy


You had one spell level left.
You knew the following spells:

 Your Spells              Type           Power      Damage    Failure   Level
a - Pain                  Necr           72%        1d7       2%          1
b - Animate Skeleton      Necr           36%        N/A       2%          1
c - Vampiric Draining     Necr           18%        2d7       8%          3

Your spell library contained the following spells:

 Spells                   Type           Power      Damage    Failure   Level
 Animate Dead             Necr           9%         N/A       26%         4
 Ignite Poison            Fire/Tmut/Pois 1%         N/A       50%         3
 Mephitic Cloud           Conj/Pois/Air  1%         N/A       50%         3
 Agony                    Necr           18%        N/A       58%         5
 Freezing Cloud           Conj/Ice/Air   0%         6-21      99%         5


Dungeon Overview and Level Annotations

Branches:
Dungeon (2/15)

Altars:

Annotations:
D:2 Natasha


Innate Abilities, Weirdness & Mutations

You are resistant to damage.
You can heal yourself by infusing magical energy.
You passively map a small area around you.
You do not regenerate.


Message History

You kill the goblin!
A goblin comes into view. It is wielding a +0 club.
Found a flail.
Things that are here:
a +0 club; a goblin corpse The goblin closely misses you.
Casting: Pain (safe; 2% risk of failure)
Confirm with . or Enter, or press ? or * to list all spells.
You attempt to give life to the dead...
Before your eyes, flesh is ripped from the corpse!
The dead are walking!
The goblin closely misses you.
Your goblin skeleton hits the goblin with a +0 club.
The goblin barely misses your goblin skeleton.
Your goblin skeleton hits the goblin with a +0 club.
The goblin dies!
Natasha and a ball python come into view.
The ball python closely misses you. The ball python barely misses you.
Natasha moves out of view.
Things that are here:
a +0 club; a goblin corpse You hit the ball python.
You kill the ball python!
What are your orders? t - Shout!
Orders for allies: a - Attack new target. r - Retreat! s - Stop attacking. g - Guard the area. f - Follow me.
Anything else - Cancel.
Gang up on whom?
Press: ? - help, Dir - move target, f - Natasha
Aim: Natasha Attack!
Natasha casts a spell at you. The magic dart hits you.
* * * LOW HITPOINT WARNING * * *
Natasha stares at you and mumbles some strange words.
The magic dart hits your goblin skeleton!
Your goblin skeleton is destroyed!
Natasha claws you!
You die...

* * ... , *... ,
* #.., *## #.#
##. , #.# .. # *
#.# )#(## , , ,
##.##h!..#
#...@.# ,
#...### ,, ,
#.#......#
#.###...#.#*
#######.####.).#
#...........#.##
,
#.#####.###...#
, #.# #.# *,*##
* #.# ##.# * *,
,


You could see Natasha.

Vanquished Creatures
  An adder (D:2)
  3 ball pythons
  4 bats (D:1)
  3 goblins
  2 hobgoblins (D:1)
  A quokka (D:1)
  2 frilled lizards
  4 rats (D:1)
20 creatures vanquished.

Vanquished Creatures (collateral kills)
  A goblin (D:2)
1 creature vanquished.

Grand Total: 21 creatures vanquished

Notes
Turn   | Place    | Note
-------+----------+-------------------------------------------
     0 | D:1      | a3don the Deep Dwarf Necromancer began the quest for the
                  | Orb.
     0 | D:1      | Reached XP level 1. HP: 15/15 MP: 3/3
   362 | D:1      | Reached XP level 2. HP: 17/22 MP: 5/5
   364 | D:1      | Learned a level 1 spell: Animate Skeleton
  1533 | D:2      | Reached XP level 3. HP: 13/28 MP: 4/6
  1537 | D:2      | Learned a level 3 spell: Vampiric Draining
  1549 | D:2      | Noticed Natasha
  1555 | D:2      | Slain by Natasha

Illustrated notes

Levels and vault maps discovered:
D:1:      lemuel_arrival_broad_hall, layout_basic
D:2:      layout_loops_ring, serial_shops, shop, corexii_corridor_pit,
          chequers_big_river, minmay_hexomino_p4, uniq_natasha

Skill      XL: |  1 |
---------------+----+-----
Spellcasting   | 2 |  2.2
Dodging        | |  2.9
Stealth        | |  2.4
Necromancy     | |  4.8

Action                   || total
-------------------------++-------
Melee: Dagger            ||    23
       Punch             ||     1
 Cast: Pain              ||    26
       Animate Skeleton  ||     1
Armor: Robe              ||    11
Dodge: Dodged            ||    30

Table legend: (Time is in decaauts)
 A = Elapsed time spent in this place.
 B = Non-inter-level travel time spent in this place.
 C = Inter-level travel time spent in this place.
 D = Time resting spent in this place.
 E = Time spent auto-exploring this place.
 F = Levels seen in this place.
 G = Mean time per level.
                   A        B        C        D        E       F      G
               +--------+--------+--------+--------+--------+-----+--------+
         Total |   1554 |   1502 |     52 |    476 |    875 |   2 |  777.0 |
       Dungeon |   1554 |   1502 |     52 |    476 |    875 |   2 |  777.0 |
               +--------+--------+--------+--------+--------+-----+--------+

Top non-repeatable levels by time:
     D:1: 1232 daAuts
     D:2: 321 daAuts
